 Dungeon Sprint DCSS version 0.24.1-8-ga250c9d538 (webtiles) character file.

Game seed: 5691952450557859142, levelgen mode: deterministic

38777 Atelerd the Spry (level 14, -8/121 HPs)
             Began as a Human Fighter on May 7, 2020.
             Was the Champion of Makhleb.
             Killed by divine providence
             ... invoked by a smoke demon
             ... summoned by the player character
              (10 damage)
             ... in the Dungeon (Sprint V: "Ziggurat Sprint").
             The game lasted 00:10:20 (1161 turns).

Atelerd the Spry (Human Fighter)                    Turns: 1161, Time: 00:10:21

Health: -8/121     AC: 35    Str: 30    XL:     14   Next: 36%
Magic:  0/25       EV: 14    Int: 10    God:    Makhleb [******]
Gold:   0          SH: 33    Dex: 16    Spells: 13/13 levels left

rFire    . . .     SeeInvis +   H - +14 obsidian axe {chop, +Fly SInv *Curse} (curse)
rCold    . . .     Gourm    .   J - +18 shield of the Gong {rElec rN+ MR+ EV-5}
rNeg     + . .     Faith    .   I - +15 Maxwell's patent armour {-Cast -Tele rElec MR+ rCorr}
rPois    .         Spirit   +   (no helmet)
rElec    +         Reflect  .   W - scarf {Spirit}
rCorr    +         Harm     .   Z - +2 pair of gloves {Dex+3}
MR       +++..     NoTele   +   (no boots) Stlth ..........NoCast +
                                (no amulet)
HPRegen  0.30/turn              B - +6 ring of strength
MPRegen  0.19/turn              C - +6 ring of strength

@: liquid flames, berserk cooldown, mesmerised, hasted and slowed, glowing
A: deterioration 1, weak 1, no potion heal 1
a: Minor Destruction, Lesser Servant of Makhleb, Major Destruction, Greater
Servant of Makhleb, Renounce Religion, Evoke Flight


You were in the Dungeon.
You worshipped Makhleb.
Makhleb was exalted by your worship.
You were hungry.

You visited 1 branch

Inventory:

Hand Weapons
 a - a +0 war axe
 H - the cursed +14 obsidian axe (weapon) {chop, +Fly SInv *Curse}
   (You found it in the Dungeon)

   It inflicts extra damage upon your enemies.
   It lets you see invisible.
   It lets you fly.
   It curses itself when equipped.
   It has a curse placed upon it.
 K - the +3 sling "Punk" {acid, rCorr}
   (You found it in the Dungeon)

   It provides partial protection from all sources of acid and corrosion.
 L - the +8 autumn katana {slice, Clar}
   (You found it in the Dungeon)

   It inflicts extra damage upon your enemies.
   It protects you against confusion.
Armour
 b - a +0 scale mail
 c - a +0 shield
 I - the +15 Maxwell's patent armour (worn) {-Cast -Tele rElec MR+ rCorr}
   (You found it in the Dungeon)

   It insulates you from electricity.
   It affects your resistance to hostile enchantments.
   It prevents spellcasting.
   It prevents most forms of teleportation.
   It provides partial protection from all sources of acid and corrosion.
 J - the +18 shield of the Gong (worn) {rElec rN+ MR+ EV-5}
   (You found it in the Dungeon)

   It affects your evasion (-5).
   It insulates you from electricity.
   It protects you from negative energy.
   It affects your resistance to hostile enchantments.
 M - a +2 pair of gloves of archery
 N - the +9 ice dragon scales of Ulil {rF- rC++ Dex+6}
   (You found it in the Dungeon)

   It affects your dexterity (+6).
   It makes you vulnerable to fire.
   It greatly protects you from cold.
 W - a scarf of spirit shield (worn)
 Z - a +2 pair of gloves of dexterity (worn)
Magical Staves
 Y - an uncursed staff of poison
Jewellery
 w - an uncursed ring of flight
 x - a +6 ring of dexterity
 y - a +6 ring of dexterity
 z - a +6 ring of intelligence
 A - a +6 ring of intelligence
 B - a +6 ring of strength (left hand)
 C - a +6 ring of strength (right hand)
 P - the ring "Vyim" {rN+ EV+2 Dex+4}
   (You found it in the Dungeon)

   [ring of evasion]

   It affects your evasion (+2).
   It affects your dexterity (+4).
   It protects you from negative energy.
 Q - an uncursed ring of stealth
 S - an uncursed ring of positive energy
 T - an uncursed ring of protection from magic
 V - an uncursed amulet of faith
Wands
 D - a wand of disintegration (7)
 E - a wand of iceblast (7)
 F - a wand of acid (7)
Scrolls
 k - 4 scrolls of blinking
 q - 4 scrolls of amnesia
 r - 7 scrolls of fog
 t - 5 scrolls of identify
 u - 5 scrolls of remove curse
 v - 2 scrolls of fear
 R - 4 scrolls of enchant weapon
 X - 4 scrolls of enchant armour
Potions
 d - 6 potions of might
 e - 10 potions of curing
 g - 7 potions of heal wounds
 h - 2 potions of haste
 i - 7 potions of magic
 l - 2 potions of brilliance
 m - a potion of invisibility
 n - 4 potions of resistance
 p - 6 potions of agility
Miscellaneous
 o - 6 boxes of beasts
 G - a lightning rod (4/4)
 O - 3 sacks of spiders
Comestibles
 f - 8 rations


   Skills:
 + Level 14.5 Fighting
 + Level 14.3 Axes
 + Level 14.5 Armour
 + Level 18.0 Dodging
 + Level 14.6 Shields
 + Level 15.4 Invocations
 * Level 11.2 Evocations


You had 13 spell levels left.
You didn't know any spells.
Your spell library contained the following spells:

 Spells                   Type           Power        Failure   Level  Hunger
 Beastly Appendage        Tmut           #.....       92%         1    ##.....
 Flame Tongue             Conj/Fire      #....        92%         1    ##.....
 Poisonous Vapours        Pois/Air       #.....       98%         2    ###....
 Sticks to Snakes         Tmut           #.......     98%         2    ###....
 Throw Flame              Conj/Fire      #.....       98%         2    ###....
 Conjure Flame            Conj/Fire      #.......     100%        3    ####...
 Inner Flame              Hex/Fire       #.......     100%        3    ####...
 Mephitic Cloud           Conj/Pois/Air  #.......     100%        3    ####...
 Spider Form              Tmut/Pois      #.........   100%        3    ####...
 Ice Form                 Ice/Tmut       #.......     100%        4    #####..
 Sticky Flame             Conj/Fire      #.......     100%        4    #####..
 Blade Hands              Tmut           #.........   100%        5    ######.
 Fireball                 Conj/Fire      #.........   100%        5    ######.
 Freezing Cloud           Conj/Ice/Air   #.........   100%        6    #######
 Ring of Flames           Chrm/Fire      #.........   100%        7    #######


Dungeon Overview and Level Annotations

Branches:
Dungeon (1/1)

Altars:
Ashenzari
Cheibriados
Dithmenos
Elyvilon
Fedhas
Gozag
Hepliaklqana
Kikubaaqudgha
Makhleb
Nemelex Xobeh
Okawaru
Qazlal
Ru
Sif Muna
Trog
Uskayaw
Vehumet
Wu Jian
Xom
Yredelemnul
Zin
The Shining One
Beogh
Jiyva
Lugonu


Innate Abilities, Weirdness & Mutations

Your body sometimes deteriorates upon taking damage.
You are weak. (Str -2)
Potions are less effective at restoring your health.


Message History

You are covered in liquid flames!
* * * LOW HITPOINT WARNING * * *
You are no longer berserk.
You are exhausted.
You feel yourself slow down.
The shadow demon is no longer dazed.
The green death is no longer dazed.
You block Nangi's attack.
SHROANNG!
Roawnuip hits you but does no damage.
The wraith closely misses your chaos spawn.
Haokkunu gestures at you.
You feel haunted. The neqoxec hits your rust devil!
The soul eater hits your rust devil. You block the Tzitzimitl's attack.
PANG!
You block the Tzitzimitl's attack.
PTOANNNG!
The green death closely misses your chaos spawn.
Your ynoxinul hits the hungry ghost! The smoke demon gestures at you.
Something smites you!
You die...

▓.........
▓..}))=)::§[..▓.........
▓...........W.▓.........
▓.............▓.........
▓..5..gK......▓.....[...
▓...5426g.....▓.........
▓...333W&34...▓.........
▓24&W23s▓ ▓.....©... ▓
▓▓41@&W▓▓ ▓▓▓▓▓▓▓▓▓▓
▓..▓.WWWWW.▓..▓....8©8..
▓.....WW§3....▓....[.)||
▓......©......▓.....}|}.
▓▓▓▓▓▓▓▓▓▓▓▓▓▓▓.........
▓......... ▓....††...
▓...†)†... ▓..▓.....▓


You could see Haokkunu, Nangi, Roawnuip, a Tzitzimitl, a balrug, a green death,
a gelid black sun (dazed), a soul eater, a sun demon, a shadow demon, an orange
demon, a phantasmal warrior (invisible), a freezing wraith, 2 smoke demons, 2
phantoms, a hungry ghost, a neqoxec, a chaos spawn, 6 wraiths, a crimson imp, a
white imp, a giant cockroach, 2 goblins, a kobold, a friendly rust devil, a
friendly ynoxinul and a friendly chaos spawn.

Vanquished Creatures
  A pandemonium lord (D)
  3 acid blobs (D)
  2 thorn hunters (D)
  A shadow dragon (D)
  3 shambling mangroves (D)
  A spriggan air mage (D)
  A satyr (D)
  A sun demon (D)
  A spriggan berserker (D)
  3 soul eaters (D)
  A shining eye (D)
  A smoke demon (D)
  A spiny frog (D)
  A komodo dragon (D)
  An ice devil (D)
  2 hellwings (D)
  2 rime drakes (D)
  A wind drake (D)
  A polar bear (D)
  A meliai (shapeshifter) (D)
  A blink frog (D)
  3 hornets (D)
  6 slime creatures (D)
  A shadow (D)
  A wyvern (D)
  A golden eye (D)
  3 neqoxecs (D)
  A steam dragon (D)
  An acid dragon (D)
  A swamp drake (D)
  A porcupine (D)
  A black bear (D)
  An eye of draining (D)
  A phantom (D)
  A necrophage (D)
  2 wolves (D)
  A bullfrog (D)
  A wight (D)
  A crimson imp (D)
  4 orc priests (D)
  5 jellies (D)
  An iron imp (D)
  2 orc wizards (D)
  2 white imps (D)
  2 oozes (D)
  2 adder skeletons (D)
  An adder simulacrum (D)
  3 orcs (D)
  3 spectral bats (D)
  A bat skeleton (D)
  2 bat zombies (D)
  A giant cockroach zombie (D)
87 creatures vanquished.

Vanquished Creatures (collateral kills)
  A tentacled starspawn (D)
  A dire elephant (D)
  A great orb of eyes (shapeshifter) (D)
  A spriggan air mage (D)
  A swamp dragon (shapeshifter) (D)
  A harpy (shapeshifter) (D)
  2 ugly things (D)
  A shining eye (D)
  A hellion (D)
  A freezing wraith (D)
  A polar bear (D)
  A red devil (D)
  2 hornets (D)
  A hippogriff (D)
  A slime creature (D)
  A flying skull (D)
  A spriggan (D)
  A yak (D)
  A wyvern (D)
  A golden eye (D)
  An insubstantial wisp (D)
  A floating eye (D)
  A soldier ant (shapeshifter) (D)
  A hell hound (D)
  A porcupine (shapeshifter) (D)
  A black bear (shapeshifter) (D)
  A necrophage (D)
  A wight (D)
  2 jellies (D)
  An orc priest (D)
  A quasit (D)
  2 iron imps (D)
  An iguana (D)
  A small abomination (D)
  A white imp (D)
  2 ufetubi (D)
  A spectral adder (D)
  An adder zombie (D)
  2 bat skeletons (D)
  A bat zombie (D)
  2 leopard gecko skeletons (D)
  A leopard gecko zombie (D)
  A butterfly (D)
  A starspawn tentacle (D)
51 creatures vanquished.

Vanquished Creatures (others)
  4 briar patches (D)
  A butterfly (D)
  3 starspawn tentacles (D)
8 creatures vanquished.

Grand Total: 146 creatures vanquished

Notes
Turn   | Place    | Note
-------+----------+-------------------------------------------
     0 | D        | Atelerd the Human Fighter began the quest for the Orb.
     0 | D        | Reached XP level 1. HP: 18/18 MP: 1/1
     0 | D        | Found a shimmering blue altar of Sif Muna.
     0 | D        | Found a bloodstained altar of Trog.
     0 | D        | Found a sacrificial altar of Ru.
     0 | D        | Found a stormy altar of Qazlal.
     0 | D        | Found an iron altar of Okawaru.
     1 | D        | Found a sparkling altar of Nemelex Xobeh.
     1 | D        | Found a blossoming altar of Fedhas.
     2 | D        | Found the +6 Majin-Bo {vamp, Archmagi MP+6 Int+6}
     2 | D        | Found the +7 great mace "Firestarter" {inner flame, rF++}
     3 | D        | Found a transporter.
     3 | D        | Found an ancient bone altar of Kikubaaqudgha.
     3 | D        | Found a viscous altar of Jiyva.
     3 | D        | Found a corrupted altar of Lugonu.
     3 | D        | Found a hazy altar of Hepliaklqana.
     3 | D        | Found a burning altar of Makhleb.
     3 | D        | Found an opulent altar of Gozag.
    24 | D        | Found the +9 heavy crossbow "Sniper" {velocity, Acc+∞ SInv}
    24 | D        | Found the +10 dark maul {crush}
    24 | D        | Found the +15 Maxwell's patent armour {-Cast -Tele rElec
                  | MR+ rCorr}
    24 | D        | Found the +18 shield of the Gong {rElec rN+ MR+ EV-5}
    24 | D        | Found the cursed +14 obsidian axe {chop, +Fly SInv *Curse}
    47 | D        | Found the +6 shillelagh "Devastator" {shatter}
    47 | D        | Found the +11 plutonium sword {*Contam Stlth-}
    47 | D        | Found the +8 lance "Wyrmbane" {slay drac, rPois rF+ rC+
                  | AC+3}
    47 | D        | Found the +9 sword of Zonguldrok {reap}
    47 | D        | Found the cursed +13 scythe of Curses {drain, *Curse}
    47 | D        | Found the +0 sword of Power
    47 | D        | Found the +7 mace of Variability {chain chaos}
    47 | D        | Found the +7 Singing Sword {slice, sonic wave}
    47 | D        | Found the +8 storm bow {elec, penet}
    50 | D        | Became a worshipper of Makhleb the Destroyer
    58 | D        | Reached skill level 2 in Dodging
    58 | D        | Reached XP level 2. HP: 25/25 MP: 1/4
    62 | D        | Entered arena 2.
    62 | D        | Noticed a wolf
    62 | D        | Noticed a black bear
    62 | D        | Found a transporter.
    65 | D        | Killed a black bear
    65 | D        | Reached skill level 5 in Fighting
    65 | D        | Reached skill level 5 in Armour
    65 | D        | Reached skill level 4 in Dodging
    65 | D        | Reached skill level 5 in Shields
    65 | D        | Reached XP level 3. HP: 33/33 MP: 1/6
    65 | D        | Reached XP level 4. HP: 39/39 MP: 1/7
    65 | D        | Reached XP level 5. HP: 44/44 MP: 1/8
    66 | D        | Killed a wolf
    66 | D        | Reached skill level 5 in Axes
    66 | D        | Reached skill level 5 in Invocations
    79 | D        | Entered arena 3.
    79 | D        | Found a transporter.
    83 | D        | Reached * piety under Makhleb
    83 | D        | Reached XP level 6. HP: 51/52 MP: 3/9
    87 | D        | Reached skill level 5 in Dodging
   141 | D        | Entered arena 4.
   141 | D        | Found a transporter.
   144 | D        | Reached ** piety under Makhleb
   158 | D        | Entered arena 5.
   158 | D        | Noticed a floating eye
   158 | D        | Found a transporter.
   159 | D        | Found the +8 autumn katana {slice, Clar}
   159 | D        | Found the +3 sling "Punk" {acid, rCorr}
   160 | D        | Paralysed by a floating eye for 3 turns
   162 | D        | Killed a floating eye
   162 | D        | Reached *** piety under Makhleb
   162 | D        | Reached skill level 6 in Dodging
   162 | D        | Reached XP level 7. HP: 59/59 MP: 11/11
   181 | D        | Entered arena 6.
   181 | D        | Found a transporter.
   184 | D        | Reached **** piety under Makhleb
   187 | D        | Reached XP level 8. HP: 67/67 MP: 13/13
   189 | D        | Reached ***** piety under Makhleb
   196 | D        | Got the +9 ice dragon scales of Ulil {rF- rC++ Dex+6}
   202 | D        | Entered arena 7.
   202 | D        | Noticed a wyvern
   202 | D        | Noticed a wyvern
   202 | D        | Noticed a rime drake
   203 | D        | Found a transporter.
   206 | D        | Killed a wyvern
   206 | D        | Reached skill level 7 in Dodging
   206 | D        | Killed a wyvern
   211 | D        | Killed a rime drake
   212 | D        | Reached XP level 9. HP: 73/75 MP: 13/15
   222 | D        | Got the ring "Vyim" {rN+ EV+2 Dex+4}
   228 | D        | Entered arena 8.
   229 | D        | Found a transporter.
   232 | D        | Reached ****** piety under Makhleb
   233 | D        | Reached skill level 8 in Dodging
   246 | D        | Entered arena 9.
   246 | D        | Noticed a slime creature
   246 | D        | Noticed a slime creature
   246 | D        | Noticed a shining eye
   246 | D        | Noticed a shining eye
   247 | D        | Found a transporter.
   247 | D        | Gained mutation: Your body sometimes deteriorates upon
                  | taking damage. [a shining eye]
   250 | D        | Gained mutation: Potions are less effective at restoring
                  | your health. [a shining eye]
   252 | D        | Killed a shining eye
   253 | D        | Killed a shining eye
   253 | D        | Killed a slime creature
   255 | D        | Killed a slime creature
   255 | D        | Reached skill level 9 in Dodging
   268 | D        | Entered arena 10.
   268 | D        | Noticed a rime drake
   268 | D        | Noticed a polar bear
   268 | D        | Noticed a polar bear
   268 | D        | Noticed an ice devil
   268 | D        | Noticed a freezing wraith
   269 | D        | Found a transporter.
   273 | D        | Killed an ice devil
   273 | D        | Reached skill level 10 in Invocations
   273 | D        | Reached XP level 10. HP: 84/84 MP: 17/17
   274 | D        | Killed a freezing wraith
   277 | D        | Killed a rime drake
   277 | D        | Reached skill level 10 in Shields
   277 | D        | Reached skill level 10 in Fighting
   277 | D        | Reached skill level 10 in Armour
   296 | D        | Entered arena 11.
   296 | D        | Noticed a komodo dragon
   296 | D        | Noticed a spiny frog
   297 | D        | Found a transporter.
   301 | D        | Reached skill level 10 in Dodging
   302 | D        | Killed a spiny frog
   302 | D        | Reached skill level 10 in Axes
   303 | D        | Killed a komodo dragon
   304 | D        | Reached skill level 11 in Dodging
   318 | D        | Entered arena 12.
   318 | D        | Noticed a hellion
   318 | D        | Noticed a tentacled starspawn
   320 | D        | Noticed a smoke demon
   322 | D        | Noticed a cacodemon
   326 | D        | Found a transporter.
   329 | D        | Killed a hellion
   332 | D        | Killed a smoke demon
   332 | D        | Killed a tentacled starspawn
   332 | D        | Reached skill level 12 in Dodging
   332 | D        | Reached XP level 11. HP: 92/92 MP: 19/19
   385 | D        | Entered arena 13.
   389 | D        | Found a transporter.
   414 | D        | Entered arena 14.
   415 | D        | Noticed a red ugly thing
   415 | D        | Noticed a green ugly thing
   415 | D        | Noticed a deep troll
   416 | D        | Noticed a faun
   416 | D        | a deep troll changed into a slime creature
   416 | D        | Noticed a mana viper
   416 | D        | a faun changed into a mana viper
   417 | D        | Found a transporter.
   417 | D        | Noticed a harpy
   417 | D        | Noticed a two-headed ogre
   417 | D        | a merfolk changed into a two-headed ogre
   417 | D        | Gained mutation: You are weak. (Str -2) [a neqoxec]
   418 | D        | Noticed a deep troll
   418 | D        | a slime creature changed into a deep troll
   418 | D        | Noticed a shining eye
   418 | D        | a mana viper changed into a shining eye
   418 | D        | Paralysed by a floating eye for 2 turns
   419 | D        | Noticed an anaconda
   419 | D        | a deep troll changed into an anaconda
   420 | D        | a two-headed ogre changed into a dream sheep
   420 | D        | a shining eye changed into a wind drake
   420 | D        | Killed a green ugly thing
   420 | D        | Reached skill level 13 in Dodging
   421 | D        | an anaconda changed into a slime creature
   422 | D        | Noticed a great orb of eyes
   422 | D        | a slime creature changed into a great orb of eyes
   422 | D        | Killed a green ugly thing
   422 | D        | Killed a harpy
   426 | D        | Noticed a cyclops
   426 | D        | a dream sheep changed into a cyclops
   427 | D        | a cyclops changed into a snapping turtle
   428 | D        | Noticed a death drake
   428 | D        | a snapping turtle changed into a death drake
   428 | D        | Killed a great orb of eyes
   430 | D        | Noticed a swamp dragon
   430 | D        | a death drake changed into a swamp dragon
   430 | D        | Killed a swamp dragon
   430 | D        | Reached skill level 14 in Dodging
   562 | D        | Entered arena 15.
   563 | D        | Noticed a soul eater
   563 | D        | Noticed a shadow dragon
   563 | D        | Noticed a soul eater
   566 | D        | Noticed a balrug
   580 | D        | Killed a soul eater
   581 | D        | Killed a shadow dragon
   581 | D        | Reached skill level 15 in Dodging
   585 | D        | Killed a soul eater
   586 | D        | Found a transporter.
   851 | D        | Entered arena 16.
   852 | D        | Noticed an acid blob
   852 | D        | Noticed an acid blob
   853 | D        | Noticed an acid blob
   854 | D        | Found a transporter.
   862 | D        | Killed an acid blob
   862 | D        | Reached XP level 12. HP: 59/102 MP: 0/21
   864 | D        | Killed an acid blob
   864 | D        | Reached skill level 16 in Dodging
   867 | D        | Killed an acid blob
   990 | D        | Entered arena 17.
   993 | D        | Noticed a shambling mangrove
   993 | D        | Noticed a shambling mangrove
   993 | D        | Noticed a satyr
   993 | D        | Noticed a shambling mangrove
   993 | D        | Noticed a spriggan berserker
   993 | D        | Noticed a spriggan rider
   993 | D        | Noticed a spriggan air mage
   994 | D        | Noticed a thorn hunter
   994 | D        | Noticed a spriggan air mage
   994 | D        | Noticed a dire elephant
   995 | D        | Noticed a thorn hunter
   996 | D        | Noticed a death yak
  1005 | D        | Killed a spriggan air mage
  1005 | D        | Reached skill level 1 in Evocations
  1007 | D        | Killed a spriggan air mage
  1007 | D        | Killed a spriggan berserker
  1011 | D        | Killed a shambling mangrove
  1011 | D        | Reached XP level 13. HP: 69/109 MP: 5/23
  1012 | D        | Killed a thorn hunter
  1012 | D        | Reached skill level 17 in Dodging
  1013 | D        | Killed a dire elephant
  1013 | D        | Reached skill level 5 in Evocations
  1019 | D        | Killed a shambling mangrove
  1020 | D        | Killed a thorn hunter
  1021 | D        | Found a transporter.
  1028 | D        | Killed a shambling mangrove
  1132 | D        | Entered arena 18.
  1135 | D        | Noticed a balrug
  1135 | D        | Noticed a green death
  1135 | D        | Noticed Nangi the pandemonium lord
  1135 | D        | Noticed a gelid black sun
  1135 | D        | Noticed a Tzitzimitl
  1136 | D        | Noticed Haokkunu the pandemonium lord
  1136 | D        | Noticed Tutwu the pandemonium lord
  1136 | D        | Noticed Roawnuip the pandemonium lord
  1160 | D        | HP: 7/166 [burnt (2)]
  1161 | D        | Killed Tutwu the pandemonium lord
  1161 | D        | Reached skill level 18 in Dodging
  1161 | D        | Reached skill level 15 in Invocations
  1161 | D        | Reached XP level 14. HP: 8/121 MP: 0/25
  1161 | D        | Killed from afar by a smoke demon

Levels and vault maps discovered:
D:        sprint_v [room_start, room_1, room_2, room_3, room_4, room_5, room_6,
          room_7, room_8, room_9, room_10, room_11, room_12, room_13, room_14,
          room_15, room_16, room_17, room_18, room_19, room_20, room_21,
          room_22, room_23, room_24, room_25, room_26, room_27]

Skill      XL: |  1  2  3  4  5  6  7  8  9 10 11 12 13 |
---------------+----------------------------------------+-----
Fighting       | 4 5 6 7 8 9 10 12 14 | 14.5
Axes           | 3 4 5 6 7 8 9 10 11 12 14 | 14.3
Armour         | 4 5 6 7 8 9 10 12 13 14 | 14.5
Dodging        | 2 4 6 7 9 12 15 16 18 | 18.0
Shields        | 4 5 6 7 8 9 10 12 13 14 | 14.6
Invocations    | 3 4 5 6 7 8 10 11 12 13 15 | 15.4
Evocations     | 3 11 | 11.2

Action                   |  1- 3 |  4- 6 |  7- 9 | 10-12 | 13-15 || total
-------------------------+-------+-------+-------+-------+-------++-------
Melee: Broad axe         |     2 |     9 |    26 |    76 |    39 ||   152
Invok: Greater Servant o |       |       |       |     6 |       ||     6
Evoke: Phantom mirror    |       |       |       |       |     1 ||     1
  Use: Potion            |     1 |       |       |    12 |     3 ||    16
       Scroll            |       |       |       |       |     1 ||     1
 Stab: Invisible         |       |       |       |     3 |     4 ||     7
Armor: Plate armour      |     6 |    10 |    16 |    62 |    15 ||   109
Dodge: Dodged            |       |     2 |     5 |    27 |     9 ||    43
Block: Shield            |     8 |    14 |    45 |   150 |    64 ||   281
